 Dungeon Crawl Stone Soup version 0.30-a0-578-gdee14c521f (webtiles) character file.

Game seed: 14308342992864629455

170 scionoferis the Ruffian (level 5, -11/46 HPs)
             Began as a Draconian Monk on Dec 31, 2022.
             Killed by divine providence
             ... invoked by an orc priest
              (15 damage)
             ... on level 2 of the Dungeon.
             The game lasted 00:04:01 (2079 turns).

scionoferis the Ruffian (Draconian Monk)            Turns: 2079, Time: 00:04:01

Health: -11/46     AC:  6    Str: 15    XL:     5   Next: 26%
Magic:  5/5        EV: 13    Int: 10    God:
Gold:   120        SH:  5    Dex: 14    Spells: 4/4 levels left

rFire   . . .      SeeInvis .      - Unarmed
rCold   . . .      Faith    .    (no shield)
rNeg    . . .      Spirit   .    (body armour unavailable)
rPois   .          Reflect  +    (helmet restricted)
rElec   .          Harm     .    (no cloak)
rCorr   +          Rampage  .    (no gloves)
Will    .....                    b - +0 pair of boots
Stlth   ++                       j - amulet of reflection
HPRegen 0.27/turn                g - ring of resist corrosion
MPRegen 0.09/turn                (no ring)

@: no status effects
A: AC +5, unfitting armour, cold-blooded
a: no special abilities


You were on level 2 of the Dungeon.
You visited 1 branch of the dungeon, and saw 3 of its levels.

You collected 120 gold pieces.


Innate Abilities, Weirdness & Mutations

Your plain brown scales are hard. (AC +5)
You cannot fit into any form of body armour.
You are cold-blooded and may be slowed by cold attacks.


   Skills:
 + Level 4.0 Fighting
 + Level 3.3 Dodging
 * Level 3.4 Stealth
 * Level 4.2 Unarmed Combat


You had 4 spell levels left.
You didn't know any spells.
Your spell library was empty.

Inventory:

Missiles
 f - 4 poisoned darts (quivered)
Armour
 b - a +0 pair of boots (worn)
   (You found it on level 1 of the Dungeon)
Jewellery
 g - a ring of resist corrosion (left hand)
   (You found it on level 1 of the Dungeon)
 j - an amulet of reflection (around neck)
   (You found it on level 2 of the Dungeon)
Wands
 u - a wand of roots (10)
   (You found it on level 3 of the Dungeon)
Scrolls
 c - a scroll of acquirement {unknown}
 d - 2 scrolls of identify {unknown}
 h - a scroll of brand weapon {unknown}
 i - a scroll of teleportation {unknown}
 k - a scroll of torment {unknown}
 l - a scroll of enchant armour {unknown}
 m - a scroll of magic mapping {unknown}
 o - a scroll of immolation {unknown}
 q - a scroll of fog {unknown}
 r - a scroll of noise {unknown}
 s - a scroll of vulnerability {unknown}
 t - a scroll of summoning {unknown}
Potions
 a - a potion of ambrosia
 e - a potion of heal wounds {unknown}
 n - a potion of might {unknown}
 p - 2 potions of lignification {unknown}

Dungeon Overview and Level Annotations

Branches:
Dungeon (3/15)

Altars:

#.###########...# #.#
....P #...#
#.##.P.....##...# ######
#.#P...P..P.#...# #....#
#.#######P..#...######
#....#
#.......#P..#........#
#....# #########
..#...####.### #...)#
#..........###...>##
#.o@....##†........#
#..[....######......
#######.##..### #######
#.......##..############ #
##########..##......##.###
#..##P..P.÷#.#.#.
#..##......#.#.#.
#..##..P..÷#.#'#.
#..##......#)#...


You could see an orc priest.


Message History

Welcome, scionoferis the Draconian Monk.
You feel drawn to the Orb of Zot, downwards into the unfathomable depths...
Press ? for a list of commands and other information.
Found a staircase leading out of the dungeon.
You open the gate.
There is an open gate here.
Found a pair of boots.
A kobold comes into view. It is wielding a +0 whip.
The kobold shouts!
Found a scroll labelled ICWYEN MIESH.
The kobold hits you but does no damage.
You closely miss the kobold.
Your tail-slap misses the kobold.
The kobold barely misses you.
You barely miss the kobold. The kobold barely misses you.
You barely miss the kobold. You hit the kobold.
The kobold is severely wounded.
The kobold hits you with a +0 whip.
You hit the kobold.
You kill the kobold!
No target in view!
You see here a +0 whip.
Found a robe.
You see here a +0 pair of boots.
b - a +0 pair of boots You start putting on your armour.
You continue putting on your +0 pair of boots. x4
You finish putting on your +0 pair of boots.
c - a scroll labelled ICWYEN MIESH A hobgoblin comes into view.
The hobgoblin shouts!
You hit the hobgoblin. Your punch misses the hobgoblin.
The hobgoblin is almost dead.
The hobgoblin hits you but does no damage.
You hit the hobgoblin but do no damage.
The hobgoblin is almost dead.
The hobgoblin closely misses you.
You hit the hobgoblin.
You kill the hobgoblin!
A rat comes into view.
You see here a hobgoblin corpse.
You closely miss the rat. The rat barely misses you.
You closely miss the rat. The rat closely misses you.
You hit the rat.
You kill the rat!
No target in view!
No target in view!
Found a plate armour.
An endoplasm comes into view.
You see here a +0 plate armour.
The helpless endoplasm fails to defend itself.
You hit the endoplasm.
Your tail-slap misses the endoplasm.
The endoplasm is lightly wounded.
The endoplasm freezes you.
You are frozen.
You feel yourself slow down.
You hit the endoplasm.
You kill the endoplasm!
No target in view!
You feel yourself speed up.
HP restored.
A ball python comes into view.
The ball python hisses angrily.
You hit the ball python but do no damage.
Your tail-slap misses the ball python.
The ball python barely misses you. The ball python grabs you.
The ball python constricts you.
You hit the ball python but do no damage.
The ball python bites you but does no damage.
The ball python constricts you.
The ball python bites you but does no damage.
The ball python constricts you.
You barely miss the ball python. The ball python bites you.
The ball python constricts you.
You completely miss the ball python. The ball python barely misses you.
The ball python constricts you.
You hit the ball python.
You kill the ball python!
Your Stealth skill increases to level 2!
No target in view!
A ball python comes into view.
No target in view!
No target in view!
No target in view!
No target in view!
The ball python barely misses you. The ball python grabs you.
The ball python constricts you.
You hit the ball python.
You kill the ball python!
No target in view!
No target in view!
A ball python comes into view.
Found a scroll labelled ILAV XOURPHEWN and 5 gold pieces.
Found 17 gold pieces.
The ball python bites you but does no damage.
The ball python grabs you. The ball python constricts you.
You barely miss the ball python.
The ball python bites you but does no damage.
The ball python constricts you.
You hit the ball python.
The ball python is severely wounded.
The ball python closely misses you. The ball python constricts you.
The ball python closely misses you. The ball python constricts you.
You completely miss the ball python.
The ball python is severely wounded.
The ball python bites you but does no damage.
The ball python constricts you.
You hit the ball python.
You kill the ball python!
No target in view!
You now have 5 gold pieces.
You now have 22 gold pieces (gained 17).
d - a scroll labelled ILAV XOURPHEWN An endoplasm comes into view.
A kobold comes into view. It is wielding a +0 club.
A goblin comes into view. It is wielding a +0 club.
Found a murky brown potion.
The endoplasm quivers.
The kobold shouts!
The goblin shouts!
You hit the endoplasm.
You tail-slap the endoplasm, but do no damage.
The endoplasm is heavily wounded.
The endoplasm hits you but does no damage.
You hit the endoplasm.
You kill the endoplasm!
You have reached level 2!
You closely miss the goblin. The goblin barely misses you.
You closely miss the goblin. The goblin closely misses you.
You miss the goblin.
A rat comes into view.
The goblin hits you with a +0 club.
You hit the goblin.
The goblin is almost dead.
The goblin closely misses you.
You hit the goblin.
You kill the goblin!
You closely miss the rat. You tail-slap the rat.
You kill the rat!
You closely miss the kobold. The kobold hits you with a +0 club.
You hit the kobold.
The kobold is moderately wounded.
The kobold barely misses you.
You completely miss the kobold.
The kobold is moderately wounded.
You hit the kobold.
The kobold is severely wounded.
The kobold closely misses you.
You hit the kobold.
You kill the kobold!
No target in view!
d - 2 scrolls labelled ILAV XOURPHEWN (gained 1)
You now have 43 gold pieces (gained 21).
Things that are here:
a +0 club; a +0 club
e - a murky brown potion
Found 4 poisoned darts.
You see here 4 poisoned darts.
A giant cockroach comes into view.
Search for what [? for help]? dart You see here 4 poisoned darts.
f - 4 poisoned darts A bat comes into view.
The bat closely misses you. x2
You closely miss the bat. The bat barely misses you.
You miss the bat.
Your tail-slap misses the bat.
The bat hits you but does no damage. The bat hits you.
The bat barely misses you.
You hit the bat.
The bat is moderately wounded.
The bat barely misses you.
You hit the bat but do no damage. You tail-slap the bat.
You kill the bat!
No target in view!
No target in view!
A giant cockroach is nearby!
A hobgoblin comes into view.
The giant cockroach misses you.
You closely miss the giant cockroach.
Your tail-slap misses the giant cockroach.
The giant cockroach bites you.
You hit the giant cockroach but do no damage.
The hobgoblin shouts!
The giant cockroach bites you but does no damage.
You completely miss the giant cockroach.
The giant cockroach bites you.
You hit the giant cockroach.
You tail-slap the giant cockroach, but do no damage.
You punch the giant cockroach.
You kill the giant cockroach!
Found 14 gold pieces.
You hit the hobgoblin but do no damage. The hobgoblin misses you.
You hit the hobgoblin. You tail-slap the hobgoblin.
The hobgoblin is heavily wounded.
The hobgoblin closely misses you.
You barely miss the hobgoblin.
You punch the hobgoblin, but do no damage.
The hobgoblin is heavily wounded.
A rat comes into view.
The hobgoblin misses you.
You hit the hobgoblin.
You kill the hobgoblin!
The rat bites you but does no damage.
You closely miss the rat. You tail-slap the rat.
The rat is heavily wounded.
The rat barely misses you.
You hit the rat.
You kill the rat!
No target in view!
Found a stone staircase leading down.
You now have 57 gold pieces (gained 14).
Things that are here:
a +0 leather armour; a +1 dagger of pain A rat comes into view.
A rat is nearby!
An endoplasm comes into view.
You hit the rat.
You kill the rat!
Found a scroll labelled ETIMNOA WUUS and a golden ring.
A quokka comes into view.
The helpless endoplasm fails to defend itself.
You hit the endoplasm.
The endoplasm is lightly wounded.
The endoplasm hits you.
You hit the endoplasm.
The endoplasm is almost dead.
The endoplasm closely misses you.
You hit the endoplasm.
You kill the endoplasm!
No target in view!
g - a ring of resist corrosion
There are no items here.
g - a ring of resist corrosion (left hand)
You start resting.
HP restored.
The quokka closely misses you.
You barely miss the quokka. The quokka bites you.
You miss the quokka. The quokka bites you.
You barely miss the quokka. You tail-slap the quokka.
The quokka is heavily wounded.
The quokka closely misses you.
You closely miss the quokka. You tail-slap the quokka.
The quokka is severely wounded.
The quokka closely misses you.
You hit the quokka but do no damage.
The quokka is severely wounded.
The quokka closely misses you. x2
You hit the quokka.
The quokka is almost dead.
The quokka bites you.
You hit the quokka.
You kill the quokka!
No target in view!
You see here a quokka corpse.
h - a scroll labelled ETIMNOA WUUS A ball python comes into view.
The ball python hisses angrily.
You hit the ball python.
The ball python is severely wounded.
The ball python bites you but does no damage.
The ball python closely misses you.
You closely miss the ball python.
Your tail-slap misses the ball python.
The ball python is severely wounded.
The ball python closely misses you. The ball python grabs you.
The ball python constricts you. The ball python barely misses you.
The ball python constricts you.
You hit the ball python.
You kill the ball python!
No target in view!
No target in view!
A ball python comes into view.
The ball python hisses angrily.
The ball python closely misses you. The ball python barely misses you.
You hit the ball python.
The ball python is severely wounded.
The ball python bites you but does no damage.
The ball python closely misses you.
You hit the ball python.
You kill the ball python!
No target in view!
Found a stone staircase leading down.
Found a stone staircase leading down.
i - a scroll labelled DUTIREINAUF A quokka comes into view.
A quokka is nearby!
Found 13 gold pieces.
You hit the quokka but do no damage.
Your tail-slap misses the quokka.
The quokka bites you but does no damage.
You hit the quokka.
You kill the quokka!
No target in view!
You now have 70 gold pieces (gained 13).
Found a dagger.
You see here a +0 dagger.
Done exploring.
Done exploring.
There is a stone staircase leading down here.
You climb downwards.
Found a stone.
There is a stone staircase leading up here.
The jackal barks!
A jackal comes into view.
The jackal closely misses you.
The jackal bites you but does no damage.
The jackal barely misses you. x2
You climb upwards.
There is a stone staircase leading down here.
You closely miss the jackal. You tail-slap the jackal.
The jackal is severely wounded.
The jackal misses you. The jackal barely misses you.
You closely miss the jackal.
The jackal is severely wounded.
The jackal bites you. The jackal barely misses you. The jackal bites you.
The jackal closely misses you.
You hit the jackal.
You kill the jackal!
The jackal bites you.
You miss the jackal.
You tail-slap the jackal, but do no damage.
The jackal bites you.
You hit the jackal.
The jackal is almost dead.
The jackal bites you but does no damage.
You hit the jackal.
You kill the jackal!
No target in view!
No target in view!
You start resting.
HP restored.
You climb downwards.
There is a stone staircase leading up here.
Found 10 gold pieces.
The jackal barks!
The ball python hisses angrily.
The jackal barely misses you.
The jackal bites you but does no damage.
You closely miss the jackal. The jackal bites you.
You barely miss the jackal.
The jackal bites you but does no damage.
You closely miss the jackal. The jackal closely misses you.
The jackal barely misses you.
You hit the jackal but do no damage. The ball python misses you.
The ball python barely misses you. The jackal closely misses you.
You closely miss the jackal.
The ball python bites you but does no damage.
The ball python barely misses you. The jackal closely misses you.
The ball python misses you. The ball python closely misses you.
The jackal barely misses you.
You barely miss the jackal. The jackal barely misses you.
The ball python closely misses you. x2
You miss the jackal. The jackal bites you.
The ball python bites you but does no damage.
The ball python barely misses you.
You hit the jackal.
You kill the jackal!
The ball python barely misses you. The ball python misses you.
You hit the ball python but do no damage.
You tail-slap the ball python.
The ball python is moderately wounded.
The ball python barely misses you. The ball python misses you.
You closely miss the ball python.
The ball python is moderately wounded.
The ball python misses you. The ball python closely misses you.
You barely miss the ball python.
The ball python is moderately wounded.
The ball python bites you. The ball python grabs you.
The ball python constricts you.
You hit the ball python.
You kill the ball python!
No target in view!
HP restored.
You now have 80 gold pieces (gained 10).
A giant cockroach comes into view.
Found an escape hatch in the floor.
Found a triangular pearl amulet.
Found a leather armour.
The giant cockroach bites you.
You hit the giant cockroach but do no damage.
The giant cockroach bites you but does no damage.
You hit the giant cockroach but do no damage.
Your tail-slap misses the giant cockroach.
The giant cockroach waves its antennae.
The giant cockroach misses you.
You hit the giant cockroach but do no damage.
The giant cockroach barely misses you.
You closely miss the giant cockroach.
The giant cockroach closely misses you. x2
You hit the giant cockroach but do no damage.
The giant cockroach bites you but does no damage.
You hit the giant cockroach.
You kill the giant cockroach!
You have reached level 3!
Your experience leads to an increase in your attributes!
Increase (S)trength, (I)ntelligence, or (D)exterity?
You feel stronger. x2; Your scales feel tougher.
You see here a giant cockroach corpse.
j - an amulet of reflection
There are no items here.
You start putting on your amulet.
You continue putting on your amulet of reflection. x5
You finish putting on your amulet of reflection.
You feel a shielding aura gather around you.
j - an amulet of reflection (around neck)
A hobgoblin comes into view.
The hobgoblin shouts!
You closely miss the hobgoblin. The hobgoblin misses you.
You hit the hobgoblin.
You kill the hobgoblin!
No target in view!
k - a scroll labelled BITUFRUEGO A jackal comes into view.
A jackal comes into view. x2
The jackal moves out of view.
A jackal comes into view.
You catch the helpless jackal completely off-guard!
You hit the jackal.
You kill the jackal!
The jackal barks!
The jackal barks!
You hit the jackal.
Your tail-slap misses the jackal.
The jackal is almost dead.
The jackal misses you. The jackal completely misses you. The jackal bites you.
You hit the jackal.
You kill the jackal!
The jackal barely misses you.
You closely miss the jackal. The jackal barely misses you.
You barely miss the jackal.
You tail-slap the jackal, but do no damage.
The jackal bites you. The jackal misses you. x2
The jackal bites you but does no damage.
You closely miss the jackal. The jackal misses you. x2
You hit the jackal.
You kill the jackal!
The jackal barely misses you. You block the jackal's attack.
You barely miss the jackal. You tail-slap the jackal.
The jackal is lightly wounded.
The jackal bites you but does no damage.
You hit the jackal. Your punch misses the jackal.
The jackal is heavily wounded.
A rat comes into view.
The jackal bites you but does no damage.
You closely miss the jackal.
The jackal is heavily wounded.
The jackal misses you.
You miss the jackal. You tail-slap the jackal.
You kill the jackal!
A hobgoblin comes into view.
You see here a jackal corpse.
You hit the rat.
The rat is severely wounded.
The rat bites you but does no damage.
You closely miss the rat.
The rat is severely wounded.
You block the rat's attack.
You hit the rat but do no damage.
Your tail-slap misses the rat.
The rat is severely wounded.
The hobgoblin hits you. You block the rat's attack.
You hit the rat.
You kill the rat!
The hobgoblin barely misses you.
You hit the hobgoblin but do no damage. You block the hobgoblin's attack.
You closely miss the hobgoblin. The hobgoblin closely misses you.
You barely miss the hobgoblin. You barely miss the hobgoblin.
You block the hobgoblin's attack.
You barely miss the hobgoblin.
Your tail-slap misses the hobgoblin.
The hobgoblin closely misses you.
You hit the hobgoblin but do no damage. The hobgoblin completely misses you.
You hit the hobgoblin but do no damage.
You tail-slap the hobgoblin, but do no damage.
The hobgoblin misses you.
You completely miss the hobgoblin. The hobgoblin closely misses you.
You closely miss the hobgoblin. You block the hobgoblin's attack.
You hit the hobgoblin.
Your tail-slap misses the hobgoblin.
The hobgoblin is moderately wounded.
The hobgoblin closely misses you.
You hit the hobgoblin.
The hobgoblin is heavily wounded.
The hobgoblin barely misses you.
You hit the hobgoblin.
You kill the hobgoblin!
No target in view!
l - a scroll labelled POSUIN JIPLOYR You see here a hobgoblin corpse.
You see here a jackal corpse.
You now have 90 gold pieces (gained 10).
An endoplasm comes into view.
The endoplasm quivers.
An endoplasm is nearby!
The endoplasm barely misses you.
You hit the endoplasm.
The endoplasm is moderately wounded.
The endoplasm freezes you.
You are frozen.
You feel yourself slow down.
You hit the endoplasm. You tail-slap the endoplasm.
You kill the endoplasm!
No target in view!
You feel yourself speed up.
A bat comes into view.
A bat is nearby!
You barely miss the bat. The bat barely misses you. You block the bat's attack.
You hit the bat.
The bat is heavily wounded.
The bat hits you but does no damage. x2
You block the bat's attack.
You barely miss the bat.
The bat is heavily wounded.
The bat misses you. x2
The bat hits you but does no damage.
You closely miss the bat.
You tail-slap the bat, but do no damage.
The bat is heavily wounded.
You block the bat's attack. The bat closely misses you.
You hit the bat.
You kill the bat!
No target in view!
No target in view!
m - a scroll labelled GYANKUKLIO
Found a pair of boots.
Unknown command.
You see here a bat corpse.
Found a stone staircase leading up.
Found a leather armour.
An endoplasm comes into view.
The endoplasm quivers.
An endoplasm is nearby!
A kobold comes into view. It is wielding a +0 whip.
Found a stone staircase leading up.
The kobold shouts!
You block the endoplasm's attack.
You hit the endoplasm.
The endoplasm is heavily wounded.
The endoplasm freezes you.
You are frozen.
You hit the endoplasm.
You kill the endoplasm!
The kobold closely misses you.
Your Dodging skill increases to level 3!
You hit the kobold.
You kill the kobold!
No target in view!
No target in view!
You now have 97 gold pieces (gained 7).
Found a leather armour.
n - a yellow potion A kobold comes into view.
It is wielding a +0 short sword.
The helpless kobold fails to defend itself.
You hit the kobold but do no damage.
The kobold hits you with a +0 short sword.
You hit the kobold.
You kill the kobold!
No target in view!
You see here a +0 leather armour.
Found a spear.
Found an escape hatch in the ceiling.
There is a fountain of sparkling water here.
Found a stone staircase leading down.
o - a scroll labelled GAUHINNOIN As you open the door, it creaks loudly!
Found a faded altar of an unknown god.
There is an open door here.
You open the door.
There is an open door here.
There is an open door here.
An endoplasm comes into view.
An endoplasm is nearby!
Found a lumpy pink potion.
The helpless endoplasm fails to defend itself.
You hit the endoplasm.
The endoplasm is lightly wounded.
The endoplasm freezes you.
You are frozen.
You feel yourself slow down.
You hit the endoplasm.
The endoplasm is almost dead.
The endoplasm hits you but does no damage. x2
You hit the endoplasm.
You kill the endoplasm!
No target in view!
No target in view!
You start resting.
You feel yourself speed up.
HP restored.
p - a lumpy pink potion You see here a +0 robe.
You open the gate. 6 kobolds come into view.
The kobold shouts! x3; You hear a shout!
The kobold throws a stone.
The stone barely misses you.
Found 3 stones.
The kobold throws a stone.
The stone hits you but does no damage.
A kobold comes into view. It is wielding a +0 short sword.
The kobold throws a stone.
You reflect the stone off an invisible shield around you!
The stone misses the kobold. x2; The stone hits the kobold.
The kobold throws a stone.
The stone closely misses you.
The kobold throws a stone.
The stone barely misses you.
You hit the kobold.
You kill the kobold!
You closely miss the kobold. You closely miss the kobold.
Your tail-slap misses the kobold.
The kobold is heavily wounded.
The kobold closely misses you. You block the kobold's attack.
You hit the kobold.
You kill the kobold!
You closely miss the kobold.
Your tail-slap misses the kobold.
The kobold is heavily wounded.
You hit the kobold but do no damage. Your punch misses the kobold.
The kobold is heavily wounded.
The kobold misses you.
You hit the kobold.
You kill the kobold!
You hit the kobold but do no damage. The kobold hits you with a +0 whip.
You hit the kobold but do no damage.
Your tail-slap misses the kobold.
The kobold hits you with a +0 whip. The kobold misses you.
You hit the kobold.
You kill the kobold!
The kobold hits you with a +0 club.
You hit the kobold.
The kobold is moderately wounded.
The kobold closely misses you.
You hit the kobold.
You kill the kobold!
The kobold shouts!
Things that are here:
a +0 club; a +0 whip; 6 stones A kobold comes into view.
It is wielding a +0 short sword.
Items here: ( ))) †.
Things that are here:
a +0 club; a +0 whip; 6 stones The kobold closely misses you.
The kobold hits you but does no damage.
The kobold shouts!
You hit the kobold.
The kobold is moderately wounded.
The kobold closely misses you. The kobold misses you.
You completely miss the kobold.
The kobold is moderately wounded.
The kobold barely misses you. The kobold closely misses you.
You closely miss the kobold.
The kobold is moderately wounded.
The kobold hits you with a +0 short sword.
The kobold hits you but does no damage.
You hit the kobold.
You kill the kobold!
The kobold hits you with a +0 short sword.
You hit the kobold but do no damage. You tail-slap the kobold.
You kill the kobold!
The kobold throws a stone.
The stone hits you but does no damage.
There is an open gate here.
Things that are here:
a +0 short sword; a kobold corpse You hit the kobold.
You kill the kobold!
No target in view!
No target in view!
q - a scroll labelled FUNWO PUMOITIBB
There is an open gate here.
Things that are here:
a +0 short sword; a kobold corpse You open the door.
There is an open door here.
A kobold comes into view. It is wielding a +0 whip.
You closely miss the kobold. The kobold hits you with a +0 whip.
You hit the kobold.
The kobold is heavily wounded.
The kobold closely misses you.
You closely miss the kobold.
The kobold is heavily wounded.
The kobold hits you with a +0 whip.
You hit the kobold.
You kill the kobold!
No target in view!
You start resting.
HP restored.
You see here a +0 whip.
You open the door. 3 endoplasms come into view.
The endoplasm quivers. x2
Found three rat skeletons.
You hit the endoplasm. You punch the endoplasm.
You kill the endoplasm!
The endoplasm quivers. 5 endoplasms and 3 jellies come into view.
Found two hobgoblin skeletons, two bat skeletons and a lumpy pink potion.
The jelly quivers.
The endoplasm barely misses you.
There is an open door here.
Unknown command.
The endoplasm attacks as you move away! The endoplasm barely misses you.
The endoplasm attacks as you move away!
The endoplasm hits you but does no damage.
You see here a +0 whip.
The endoplasm attacks as you move away! You block the endoplasm's attack.
You hit the endoplasm.
You kill the endoplasm!
You completely miss the endoplasm.
You tail-slap the endoplasm, but do no damage.
The endoplasm freezes you.
You are frozen.
You hit the endoplasm.
The endoplasm is moderately wounded.
The endoplasm freezes you.
You are frozen.
You feel yourself slow down.
You hit the endoplasm.
You tail-slap the endoplasm, but do no damage.
The endoplasm is severely wounded.
The endoplasm freezes you.
You are frozen.
You hit the jelly.
Your hands burn!
The jelly is lightly wounded.
The jelly closely misses you.
You hit the jelly.
Your hands burn!
You tail-slap the jelly.
The jelly is moderately wounded.
You feel yourself speed up. The jelly closely misses you.
You hit the jelly.
Your hands burn!
The jelly is heavily wounded.
The jelly hits you but does no damage.
You hit the jelly.
Your hands burn!
The jelly is heavily wounded.
The jelly hits you but does no damage.
You hit the jelly.
Your hands burn!
The jelly is severely wounded.
You block the jelly's attack.
You barely miss the jelly.
The jelly is severely wounded.
The jelly hits you but does no damage.
You hit the jelly.
Your hands burn!
The jelly is almost dead.
The jelly hits you but does no damage.
You hit the jelly.
Your hands burn!
The jelly is almost dead.
The jelly barely misses you.
You hit the jelly.
You kill the jelly!
You have reached level 4!
You feel agile.
You hit the endoplasm.
You kill the endoplasm!
You start resting.
HP restored.
You see here a +0 whip.
The jelly quivers.
There is an open door here.
You see here a +0 whip.
You hit the jelly.
Your hands burn!
The jelly is lightly wounded.
The jelly hits you. The acid corrodes you!
You are splashed with acid.
You resist.
You punch the jelly!
Your hands burn!
You punch the jelly, but do no damage.
The jelly is severely wounded.
You block the jelly's attack.
You hit the jelly.
Your hands burn!
You tail-slap the jelly.
The jelly is almost dead.
The jelly barely misses you.
You hit the jelly.
Your hands burn!
You tail-slap the jelly.
You kill the jelly!
Your Stealth skill increases to level 3!
Your Unarmed Combat skill increases to level 4!
You start resting.
You are no longer corroded.
You start resting.
HP restored.
You see here a +0 whip.
The jelly quivers.
There is an open door here.
You see here a +0 whip.
Throw: 4 darts (poison)
Press: ? - help, Q - select action Shift-Dir - straight line, f - jelly
Aim: a jelly (89% to hit)
You throw a poisoned dart. The poisoned dart hits the jelly.
The endoplasm quivers.
Throw: 3 darts (poison)
Press: ? - help, Q - select action Shift-Dir - straight line, f/p - jelly
Aim: a jelly (89% to hit)
You throw a poisoned dart. The poisoned dart hits the jelly.
You hit the jelly but do no damage.
Your hands burn!
The jelly barely misses you.
You hit the jelly.
Your hands burn!
The jelly is moderately wounded.
The jelly hits you but does no damage.
You completely miss the jelly.
The jelly is moderately wounded.
The jelly hits you but does no damage.
You hit the jelly.
Your hands burn!
The jelly is heavily wounded.
The jelly closely misses you.
You hit the jelly.
Your hands burn!
You tail-slap the jelly.
You kill the jelly!
You have reached level 5!
You hit the endoplasm but do no damage. You hit the endoplasm.
You kill the endoplasm!
You start resting.
HP restored.
f - 3 poisoned darts (gained 1)
You see here a +0 whip.
f - 4 poisoned darts (gained 1)
There is an open door here.
The endoplasm quivers.
You punch the endoplasm!
You kill the endoplasm!
No target in view!
There is an open door here.
The helpless endoplasm fails to defend itself.
You punch the endoplasm!
You kill the endoplasm!
The helpless endoplasm fails to defend itself.
You punch the endoplasm!
You kill the endoplasm!
The helpless endoplasm fails to defend itself.
You hit the endoplasm.
The endoplasm is moderately wounded.
You block the endoplasm's attack.
You hit the endoplasm.
You kill the endoplasm!
No target in view!
p - 2 lumpy pink potions (gained 1)
There is an open door here.
You see here a +0 whip.
There is an open door here.
There is an open gate here.
Found a stone staircase leading down.
A hobgoblin comes into view.
A hobgoblin is nearby!
You see here a +4 dagger.
You see here a scroll labelled HATUGA OTUEFFE.
r - a scroll labelled HATUGA OTUEFFE The hobgoblin shouts!
You hit the hobgoblin but do no damage. You tail-slap the hobgoblin.
The hobgoblin is heavily wounded.
The hobgoblin barely misses you.
You hit the hobgoblin.
The hobgoblin is almost dead.
The hobgoblin hits you but does no damage.
You hit the hobgoblin but do no damage.
The hobgoblin is almost dead.
The hobgoblin hits you but does no damage.
You hit the hobgoblin but do no damage. You tail-slap the hobgoblin.
You kill the hobgoblin!
No target in view!
You see here a hobgoblin corpse.
Found a stone staircase leading down.
You now have 103 gold pieces (gained 6).
You see here a hobgoblin corpse.
You open the door.
There is an open door here.
You see here the +4 mace of Harmony {heavy, rC- rN++ Str+6}.
You open the door.
There is an open door here.
There is an open door here.
You see here the +4 mace of Harmony {heavy, rC- rN++ Str+6}.
There is an open door here.
You now have 120 gold pieces (gained 17).
Done exploring.
Done exploring.
Search for what [Enter for "dart", or ? for help]? d: Unknown command.
Things that are here:
a +0 club; a +0 whip; 6 stones You see here a +0 robe.
There is a stone staircase leading down here.
You climb downwards.
There is a stone staircase leading up here.
You open the door.
There is an open door here.
s - a scroll labelled CUGGEG ATHRUFEWK
Found a stone staircase leading down.
There is a stone staircase leading down here.
t - a scroll labelled DIKKOFRAUGE
u - a wand of roots (10)
Found a long sword.
Found a stone staircase leading up.
Found a leather armour.
An endoplasm comes into view.
Found a club.
An adder comes into view.
You hit the endoplasm but do no damage.
The adder hisses angrily.
You completely miss the endoplasm. You tail-slap the endoplasm.
The endoplasm is almost dead.
The endoplasm barely misses you.
You hit the endoplasm.
You kill the endoplasm!
The adder bites you but does no damage.
You miss the adder.
An orc comes into view. It is wielding a +0 club.
You block the adder's attack.
You punch the adder!
The adder is severely wounded.
The adder bites you but does no damage.
You hit the adder.
Your tail-slap misses the adder.
The adder is almost dead.
The adder misses you.
You hit the adder.
You kill the adder!
Your Fighting skill increases to level 4!
An orc comes into view. It is wielding a +0 hand axe.
Found a fuming clear potion.
The orc shouts!
You hear a shout! x2
An orc comes into view. It is wielding a +0 club.
The orc hits you with a +0 club.
You hear a shout! x2
You hit the orc.
Your tail-slap misses the orc.
The orc is lightly wounded.
The orc completely misses you.
An orc warrior comes into view.
It is wielding a +0 long sword and quivering silver boomerangs.
An orc priest comes into view. It is wielding a +0 mace.
You barely miss the orc.
The orc warrior shouts!
You punch the orc.
The orc is severely wounded.
The orc closely misses you.
You hit the orc but do no damage.
The orc is severely wounded.
An orc comes into view. It is wielding a +0 hand axe.
The orc hits you but does no damage.
You hit the orc.
You kill the orc!
The orc priest mumbles some strange prayers to Beogh against you.
Beogh smites you!
The orc priest begins to cast a cantrip, but forgets the words!
There is a stone staircase leading up here.
You closely miss the orc. The orc closely misses you.
You closely miss the orc. You tail-slap the orc.
The orc is heavily wounded.
You block the orc's attack.
You hit the orc.
Your tail-slap misses the orc.
The orc is almost dead.
The orc closely misses you.
You hit the orc.
You kill the orc!
The orc priest invokes the aid of Beogh against you.
Beogh smites you!
You climb upwards.
There is a stone staircase leading down here.
You start resting.
HP restored.
You climb downwards.
The orc priest calls down the wrath of Beogh upon you.
You barely resist. The orc hits you but does no damage.
There is a stone staircase leading up here.
The orc hits you but does no damage.
You climb upwards.
There is a stone staircase leading down here.
You hit the orc.
The orc is lightly wounded.
The orc closely misses you.
You hit the orc.
The orc is almost dead.
You hit the orc.
You kill the orc!
No target in view!
You start waiting.
Done waiting.
You climb downwards.
The orc priest calls down the wrath of Beogh upon you.
Pain shoots through your body!
There is a stone staircase leading up here.
The orc priest calls down the wrath of Beogh upon you.
Beogh smites you!
You hear a shout!
The orc priest hits you with a +0 mace!
You climb upwards.
There is a stone staircase leading down here.
You hit the orc priest.
The orc priest is moderately wounded.
The orc priest closely misses you.
You barely miss the orc priest.
The orc priest is moderately wounded.
The orc priest calls down the wrath of Beogh upon you.
Beogh smites you!
* * * LOW HITPOINT WARNING * * *
You hit the orc priest but do no damage.
The orc priest is moderately wounded.
The orc priest hits you but does no damage.
You hit the orc priest but do no damage.
Your punch misses the orc priest.
The orc priest is moderately wounded.
The orc priest mumbles some strange prayers to Beogh against you.
You barely resist.
You hit the orc priest but do no damage.
The orc priest is moderately wounded.
The orc priest barely misses you.
You hit the orc priest.
The orc priest is severely wounded.
The orc priest barely misses you.
You hit the orc priest.
The orc priest is severely wounded.
The orc priest invokes the aid of Beogh against you.
Beogh smites you!
You die...

Skill      XL: |  1  2  3  4  5 |
---------------+----------------+-----
Stealth        | 2 3 |  3.4
Dodging        | 3 |  3.3
Unarmed Combat | 4 |  4.2
Fighting       | 4 |  4.0

Action                   |  1- 3 |  4- 6 || total
-------------------------+-------+-------++-------
Melee: Unarmed           |   172 |    46 ||   218
       Tailslap          |    21 |     7 ||    28
       Punch             |     3 |     2 ||     5
Throw: Dart              |       |     2 ||     2
 Stab: Sleeping          |     4 |     3 ||     7
       Distracted        |     1 |       ||     1
Armor: Skin              |    40 |    10 ||    50
Dodge: Dodged            |   112 |    14 ||   126
Block: Other             |    14 |     4 ||    18
       Reflection        |     1 |       ||     1

Levels and vault maps discovered:
D:1:      wander_arrival_estate, layout_rooms
D:2:      cheibrodos_fertilizer, layout_rooms, serial_aquarium,
          aquarium_bridge_square [aquarium_subvault_bridge,
          aquarium_subvault_window, aquarium_subvault_wall,
          aquarium_subvault_wall], aquarium_window_fake, aquarium_window_1,
          aquarium_window_1, aquarium_window_corner, aquarium_view_2f,
          aquarium_balcony_1a, shapermc_ecumenical_altar_ellora,
          grunt_ministairs_1
D:3:      layout_basic

Notes
Turn   | Place    | Note
-------+----------+-------------------------------------------
     0 | D:1      | scionoferis the Draconian Monk began the quest for the Orb.
     0 | D:1      | Reached XP level 1. HP: 19/19 MP: 1/1
    83 | D:1      | Reached skill level 2 in Stealth
   144 | D:1      | Reached XP level 2. HP: 26/26 MP: 2/2
   664 | D:2      | Reached XP level 3. HP: 31/31 MP: 3/3
   871 | D:2      | Reached skill level 3 in Dodging
   993 | D:2      | Found a faded altar of an unknown god.
  1185 | D:2      | Reached XP level 4. HP: 20/40 MP: 4/4
  1286 | D:2      | Reached skill level 3 in Stealth
  1286 | D:2      | Reached skill level 4 in Unarmed Combat
  1355 | D:2      | Reached XP level 5. HP: 39/46 MP: 5/5
  1579 | D:2      | Identified the +4 mace of Harmony {heavy, rC- rN++ Str+6}
  1860 | D:3      | Reached skill level 4 in Fighting
  1862 | D:3      | Noticed an orc warrior
  2074 | D:2      | HP: 3/46 [orc priest/divine providence (13)]
  2079 | D:2      | Killed from afar by an orc priest

Vanquished Creatures
  3 jellies (D:2)
  An adder (D:3)
  3 orcs (D:3 D:2)
  2 bats (D:1 D:2)
  15 endoplasms (D:1 D:2 D:3)
  2 giant cockroaches (D:1 D:2)
  A goblin (D:1)
  5 hobgoblins (D:1 D:2)
  7 jackals (D:1 D:2)
  2 quokkas (D:1)
  6 ball pythons (D:1 D:2)
  13 kobolds (D:1 D:2)
  5 rats (D:1 D:2)
65 creatures vanquished.

Vanquished Creatures (others)
  A fungus (D:2)
  9 toadstools (D:2)
10 creatures vanquished.

Grand Total: 75 creatures vanquished

Table legend: (Time is in decaauts)
 A = Elapsed time spent in this place.
 B = Non-inter-level travel time spent in this place.
 C = Inter-level travel time spent in this place.
 D = Time resting spent in this place.
 E = Time spent auto-exploring this place.
 F = Levels seen in this place.
 G = Mean time per level.
                   A        B        C        D        E       F      G
               +--------+--------+--------+--------+--------+-----+--------+
         Total |   2074 |   1975 |     99 |    352 |   1087 |   3 |  691.3 |
       Dungeon |   2074 |   1975 |     99 |    352 |   1087 |   3 |  691.3 |
               +--------+--------+--------+--------+--------+-----+--------+

Top non-repeatable levels by time:
     D:2: 1325 daAuts
     D:1: 591 daAuts
     D:3: 157 daAuts

Table legend:
 A = Non-vault XP
 B = Vault XP
 C = Vault XP percentage of total XP
 D = Non-vault monster count
 E = Vault monster count
 F = Vault count percentage of total count
                 A         B        C        D         E       F
            +---------+---------+-------+---------+---------+-------
      Total |      89 |     155 |  63.5 |      43 |      22 |  33.8
            +---------+---------+-------+---------+---------+-------
        D:1 |      37 |       0 |   0.0 |      23 |       0 |   0.0
        D:2 |      31 |     155 |  83.3 |      16 |      22 |  57.9
        D:3 |      21 |       0 |   0.0 |       4 |       0 |   0.0
            +---------+---------+-------+---------+---------+-------
